 Dungeon Crawl Stone Soup version 0.22-a0-303-g4a852b3 (webtiles) character file.

1405 grindst0ne the Slicer (level 9, -4/57 HPs)
             Began as a Kobold Berserker on Mar 27, 2018.
             Was an Elder of Trog.
             Splashed by a jelly's acid (6 damage)
             ... on level 6 of the Dungeon.
             The game lasted 00:07:33 (4134 turns).

grindst0ne the Slicer (Kobold Berserker)            Turns: 4134, Time: 00:07:34

Health: -4/57      AC:  0    Str: 15    XL:     9   Next: 1%
Magic:  9/9        EV: 12    Int: 10    God:    Trog [****..]
Gold:   289        SH:  0    Dex: 15    Spells: 8/8 levels left

rFire    . . .     SeeInvis .   a - +1 short sword
rCold    . . .     Gourm    .   (shield restricted)
rNeg     . . .     Faith    .   g - +1 chain mail
rPois    .         Spirit   .   (no helmet)
rElec    .         Reflect  .   (no cloak)
rCorr    .         Harm     .   (no gloves)
MR       .....     Rnd*Tele +   (no boots)
Stlth    ..........             (no amulet)
HPRegen  0.19/turn              j - +3 ring of protection
MPRegen  0.11/turn              v - ring of teleportation (curse)

@: vulnerable, corroded, berserk cooldown, slowed, very slow
A: small, carnivore
a: Berserk, Trog's Hand, Brothers in Arms, Renounce Religion


You were on level 6 of the Dungeon.
You worshipped Trog.
Trog was greatly pleased with you.
You were completely stuffed.

You visited 1 branch of the dungeon, and saw 6 of its levels.

You collected 289 gold pieces.

Inventory:

Hand Weapons
 a - a +1 short sword (weapon)
Armour
 b - a +0 animal skin
 g - a +1 chain mail (worn)
 u - a +0 plate armour
Jewellery
 i - an uncursed ring of protection from magic {unknown}
 j - a +3 ring of protection (left hand)
 o - a +1 ring of evasion
 p - an uncursed ring of flight
 v - a cursed ring of teleportation (right hand)
 A - a +2 amulet of reflection {unknown}
Wands
 B - a wand of acid (6)
Scrolls
 d - 4 scrolls of teleportation
 m - 3 scrolls of enchant weapon
 y - a scroll of magic mapping
 z - a scroll of identify
Potions
 e - a potion of resistance
 f - a potion of invisibility
 h - a potion of haste
 k - 3 potions of agility
 l - a potion of magic {unknown}
 n - 2 potions of curing
 q - a potion of degeneration {unknown}
 r - a potion of berserk rage {unknown}
 s - a potion of mutation
 t - a potion of might {unknown}
 w - a potion of heal wounds {unknown}
 x - a potion of lignification {unknown}
 C - a potion of cancellation {unknown}
Comestibles
 c - 6 rations
 D - 3 chunks of flesh


   Skills:
 + Level 7.3 Fighting
 + Level 8.9 Short Blades
 - Level 1.5 Armour
 + Level 7.5 Dodging


You had 8 spell levels left.
You didn't know any spells.

Dungeon Overview and Level Annotations

Branches:
Dungeon (6/15)             Temple (0/1) D:4

Altars:
Ashenzari
Cheibriados
Gozag
Ru
Trog

Shops:
D:4 %


Innate Abilities, Weirdness & Mutations

You are small and have problems with some larger weapons.
You are carnivorous and can eat meat at any time.


Message History

You feel better. The jelly hits you.
* * * LOW HITPOINT WARNING * * *
You are splashed with acid!
The acid burns!
* * * LOW HITPOINT WARNING * * *
The jelly closely misses you.
Okay, then.
Okay, then.
Press: ? - help, v - describe, . - travel
Here: a jelly (almost dead)
The floor.
Press: ? - help, v - describe, . - travel
Here: a jelly (almost dead)
The floor.
Press: ? - help, v - describe, . - travel
Here: a jelly (almost dead)
The floor.
The jelly hits you.
* * * LOW HITPOINT WARNING * * *
You are splashed with acid!
The acid burns!
You die...

######.......#.......##
#............#.8...8.#
#.####..#...###.....##
#.....#..###.###
#..#.#.#... ...
##..##.##..# #### #...#
## .# #..## ##.@# #..J#
#...# #.##...#####
#............
####.........
#..####### #..# #...


You could see a jelly.

Vanquished Creatures
  The ghost of torrenera the Covert, a novice VSEn of Dithmenos (D:6)
  Sigmund (D:3)
  An ogre (D:5)
  A centaur (D:5)
  2 bullfrogs (D:6)
  A water moccasin zombie (D:6)
  The ghost of empire the Digger, a weakling GnWn (D:3)
  A crimson imp (D:5)
  A hound (D:5)
  4 orc wizards
  A bullfrog skeleton (D:6)
  2 iguanas
  Natasha (thrice) (D:3)
  2 worker ants
  4 adders
  4 gnolls (D:4)
  3 oozes
  An adder skeleton (D:5)
  3 worms
  A dart slug (D:3)
  2 leopard geckos (D:4)
  12 orcs
  8 bats
  6 giant cockroaches
  6 goblins
  4 hobgoblins
  5 jackals
  6 kobolds
  3 quokkas
  A ball python skeleton (D:6)
  5 frilled lizards
  A leopard gecko skeleton (D:4)
  A quokka skeleton (D:5)
  17 rats
115 creatures vanquished.

Notes
Turn   | Place    | Note
-------+----------+-------------------------------------------
     0 | D:1      | grindst0ne the Kobold Berserker began the quest for the Orb.
     0 | D:1      | Reached XP level 1. HP: 14/14 MP: 1/1
    57 | D:1      | Reached XP level 2. HP: 12/19 MP: 2/2
   214 | D:1      | Found a shattered altar of Ashenzari.
   400 | D:1      | Reached XP level 3. HP: 24/24 MP: 3/3
  1113 | D:2      | Found a faded altar of an unknown god.
  1215 | D:2      | Reached ** piety under Trog
  1390 | D:2      | Reached XP level 4. HP: 23/29 MP: 4/4
  1713 | D:3      | Noticed empire's ghost (weakling GnWn)
  1726 | D:3      | Killed empire's ghost
  1726 | D:3      | Reached skill level 5 in Short Blades
  1726 | D:3      | Reached XP level 5. HP: 33/33 MP: 5/5
  2046 | D:3      | Noticed Natasha
  2063 | D:3      | Killed Natasha
  2212 | D:3      | Noticed Natasha
  2220 | D:3      | Killed Natasha
  2227 | D:3      | Noticed Sigmund
  2237 | D:3      | Killed Sigmund
  2237 | D:3      | Reached skill level 5 in Fighting
  2237 | D:3      | Reached skill level 6 in Short Blades
  2237 | D:3      | Reached XP level 6. HP: 40/40 MP: 6/6
  2262 | D:3      | Reached skill level 5 in Dodging
  2304 | D:3      | Noticed Natasha
  2308 | D:3      | Killed Natasha
  2446 | D:3      | Found a sacrificial altar of Ru.
  2562 | D:4      | Reached XP level 7. HP: 42/44 MP: 7/7
  2588 | D:4      | Reached *** piety under Trog
  2748 | D:4      | Found Kofu Hai's Food Emporium.
  2858 | D:4      | Reached skill level 7 in Short Blades
  2988 | D:4      | Found a staircase to the Ecumenical Temple.
  3165 | D:5      | Entered Level 5 of the Dungeon
  3225 | D:5      | Found a bloodstained altar of Trog.
  3450 | D:5      | Reached XP level 8. HP: 45/51 MP: 8/8
  3806 | D:5      | Found a snail-covered altar of Cheibriados.
  3995 | D:6      | Reached skill level 8 in Short Blades
  4052 | D:6      | Reached **** piety under Trog
  4056 | D:6      | Found an opulent altar of Gozag.
  4092 | D:6      | Noticed torrenera's ghost (novice VSEn)
  4106 | D:6      | Killed torrenera's ghost
  4106 | D:6      | Reached XP level 9. HP: 57/57 MP: 9/9
  4134 | D:6      | HP: 2/57 [jelly (3)]
  4134 | D:6      | Splashed by a jelly's acid

Vault maps used:
D:1:      erik_arrival_orb_chamber, minmay_misc_feat_columns,
          minmay_misc_feat_room, nicolae_ashenzari_panopticon
D:2:      chequers_ecumenical_altar_simple
D:3:      marbit_many_paths, uniq_sigmund, uniq_natasha
D:4:      temple_fountains, first_ration, serial_shops, shop
D:5:      bloody_trog, cheibriados_altar_1, abandoned_shop,
          kennysheep_generic_room_2
D:6:      serial_shops, shop, minivault_4, hangedman_decor_peaks_small,
          grunt_gozag_statues

Skill      XL: |  1  2  3  4  5  6  7  8 |
---------------+-------------------------+-----
Dodging        | 3 4 5 6 7 |  7.5
Fighting       | 4 5 6 7 |  7.3
Short Blades   | 5 6 7 8 |  8.9
Armour         | |  1.5

Action                   |  1- 3 |  4- 6 |  7- 9 || total
-------------------------+-------+-------+-------++-------
Melee: Short sword       |   164 |   132 |   288 ||   584
Invok: Berserk           |     3 |     4 |     4 ||    11
       Trog's Hand       |       |       |     1 ||     1
  Use: Scroll            |       |       |    15 ||    15
       Potion            |       |       |     2 ||     2
  Eat: Chunk             |    12 |     8 |    10 ||    30
Armor: Animal skin       |     5 |       |       ||     5
       Chain mail        |    76 |    60 |    91 ||   227
Dodge: Dodged            |    86 |    79 |   116 ||   281

Table legend:
 A = Spawn XP
 B = Non-spawn XP
 C = Spawn XP percentage of total XP
 D = Spawn monster count
 E = Non-spawn monster count
 F = Spawn count percentage of total count
 G = Total turns spent on level
                    A         B        C        D         E        F      G
               +---------+---------+-------+---------+---------+-------+---------
         Total |       0 |    2008 |   0.0 |       0 |     115 |   0.0 |  4134
               +---------+---------+-------+---------+---------+-------+---------
           D:1 |       0 |      35 |   0.0 |       0 |      21 |   0.0 |   926
           D:2 |       0 |      44 |   0.0 |       0 |      18 |   0.0 |   723
           D:3 |       0 |     422 |   0.0 |       0 |      24 |   0.0 |   845
           D:4 |       0 |     290 |   0.0 |       0 |      23 |   0.0 |   671
           D:5 |       0 |     436 |   0.0 |       0 |      18 |   0.0 |   761
           D:6 |       0 |     781 |   0.0 |       0 |      11 |   0.0 |   208
               +---------+---------+-------+---------+---------+-------+---------
